 Dungeon Crawl Stone Soup version 0.16-a0-3265-g401194c (webtiles) character file.

80 Minkie the Conjurer (level 4, 0/30 HPs)
             Began as a Mummy Wizard on Dec 23, 2014.
             Slain by a rat (1 damage)
             ... on level 2 of the Dungeon.
             The game lasted 00:07:16 (2600 turns).

Minkie the Conjurer (Mummy Wizard)                  Turns: 2600, Time: 00:07:16

Health: 0/30       AC:  3    Str: 10    XL:     4   Next: 18%
Magic:  1/9        EV: 12    Int: 18    God:
Gold:   109        SH:  0    Dex: 10    Spells: 1 memorised, 8 levels left

rFire  x . .     SeeInvis .     g - +0 short sword
rCold  + . .     Clarity  .     a - +0 robe
rNeg   + + +     SustAb   .     (no shield)
rPois  ∞         Gourm    .     b - +0 hat
rElec  .         Spirit   .     (no cloak)
rCorr  .         Warding  .     i - +0 pair of gloves (curse)
rMut   .         Stasis   .     (no boots)
MR     .....                    (no amulet)
Stlth  +.........               (no ring)
                                d - ring of loudness (curse)

@: not resistant to hostile enchantments, very unstealthy
A: no food or potions, fire vulnerability, restore body, cold resistance 1,
negative energy resistance 3, poison resistance, torment resistance, unbreathing
a: no special abilities


You were on level 2 of the Dungeon.
You were not hungry.

You visited 1 branch of the dungeon, and saw 3 of its levels.

You collected 109 gold pieces.

Inventory:

Hand weapons
 g - a +0 short sword (weapon)
Armour
 a - a +0 robe (worn)
 b - a +0 hat (worn)
 f - a +0 shield
 i - a cursed +0 pair of gloves (worn)
Jewellery
 d - a cursed ring of loudness (left hand)
Scrolls
 e - a scroll of noise {unknown}
 h - a scroll of enchant weapon {unknown}
 j - a scroll of identify {unknown}
Books
 c - a book of Minor Magic

   Spells                             Type                      Level
   a - Magic Dart                     Conjuration                  1
   b - Blink                          Translocation                2
   c - Call Imp                       Summoning                    2
   d - Repel Missiles                 Charms/Air                   2
   e - Slow                           Hexes                        2
   f - Conjure Flame                  Conjuration/Fire             3
   g - Mephitic Cloud                 Conjuration/Poison/Air       3


   Skills:
 - Level 1.5 Dodging
 - Level 1.5 Stealth
 - Level 3.0 Spellcasting
 + Level 3.3 Conjurations
   Level 0.7 Summonings
   Level 0.7 Translocations


You had 8 spell levels left.
You knew the following spells:

 Your Spells              Type           Power        Failure   Level  Hunger
a - Magic Dart            Conj           ##..         4%          1    N/A

Dungeon Overview and Level Annotations

Branches:
Dungeon (3/15)

Altars:


Innate Abilities, Weirdness & Mutations

You do not eat or drink.
Your flesh is vulnerable to fire.
Your flesh is cold resistant.
You are immune to negative energy.
Your system is resistant to poisons.
You are immune to unholy pain and torment.
You can survive without breathing.


Message History

The magic dart hits the hobgoblin.
You kill the hobgoblin!
You closely miss the rat. The rat bites you.
* * * LOW HITPOINT WARNING * * *
A goblin comes into view. It is wielding a dagger.
The goblin shouts!
The goblin hits you but does no damage.
You hit the goblin.
The goblin is severely wounded.
The rat closely misses you. The goblin hits you with a dagger.
* * * LOW HITPOINT WARNING * * *
You closely miss the goblin.
The goblin is severely wounded.
The goblin hits you with a dagger.
* * * LOW HITPOINT WARNING * * *
The rat closely misses you.
You hit the goblin.
You kill the goblin!
The rat bites you.
You die...

#### ### #.#g
#######..# #.#
#.#.
......$...####.##
#...
#.####..ww.r...#
#.....
##...##..#####..#
###### #.....#..#
##w#.# #..#.....#
##w###.#
#.....##.###r##
#.# ##...# #...@##
#.# #..# #...).#
## #..# #.####.#
#..# #.# #.# ##..#
#.#####..# #...#
#.......... #..##
#.###.##.#
##.######.###.##.
#..w....w)...r....


You could see 2 worms and a rat.

Vanquished Creatures
  Ijyb (D:2)
  An adder (D:3)
  A giant gecko (D:2)
  5 bats
  3 giant cockroaches (D:1)
  7 goblins
  14 hobgoblins
  A jackal (D:2)
  2 oozes (D:2)
  A ball python (D:1)
  A giant newt (D:2)
  6 kobolds
  4 rats (D:1)
47 creatures vanquished.

Notes
Turn   | Place    | Note
--------------------------------------------------------------
     0 | D:1      | Minkie, the Mummy Wizard, began the quest for the Orb.
     0 | D:1      | Reached XP level 1. HP: 13/13 MP: 4/4
    75 | D:1      | Reached skill level 1 in Conjurations
   371 | D:1      | Reached XP level 2. HP: 13/19 MP: 1/6
  1633 | D:1      | Reached XP level 3. HP: 22/24 MP: 3/7
  1726 | D:2      | Noticed Ijyb
  1755 | D:2      | Killed Ijyb
  2455 | D:2      | Reached XP level 4. HP: 27/30 MP: 6/9
  2599 | D:2      | HP: 1/30 [goblin/dagger (1)]
  2600 | D:2      | Slain by a rat

Action                   |  1- 3 |  4- 6 || total
-------------------------+-------+-------++-------
Melee: Unarmed           |    17 |       ||    17
       Dagger            |    18 |       ||    18
       Short sword       |    18 |    30 ||    48
 Cast: Magic Dart        |   110 |    18 ||   128
